[Event "39th Olympiad Khanty-Mansiysk 2010"]
[Site "Khanty-Mansiysk/Russia"]
[Date "2010.09.25"]
[Round "5"]
[White "Short, Nigel D"]
[Black "Fressinet, Laurent"]
[Result "1-0"]
[WhiteElo "2690"]
[BlackElo "2718"]
[PlyCount "57"]
[EventDate "2010.??.??"]
[WhiteTeam "England"]
[BlackTeam "France"]
[WhiteTeamCountry "ENG"]
[BlackTeamCountry "FRA"]
[TimeControl "40/5400+30:1800+30"]

1. e4 e5 2. Nf3 Nc6 3. Bc4 Bc5 4. O-O Nf6 5. d4 exd4 6. e5 d5 7. exf6 dxc4 8.
fxg7 Rg8 {#This is easily the first top GM game with this variation, a line
that is usually discussed in opening manuals on the Two Knights or games
between much lower-rated players. This point is a key branching point, where
white either chooses 9.Bg5 or 9.Re1+.} 9. Bg5 f6 10. Re1+ Kf7 11. Bh6 (11. Ne5+
Nxe5 12. Rxe5 fxg5 13. Rxc5 Be6 14. Qh5+ Kxg7 15. Rxg5+ Kh8 16. Rxg8+ Kxg8 17.
Qe5 Qd5 18. Qxd5 Bxd5 19. f3 Re8 20. Kf1 c3 21. b3 b5 22. Na3 Rb8 23. Rd1 c5
24. Re1 b4 25. Nc4 Bxc4+ 26. bxc4 Rb6 27. Ra1 Kf7 28. Ke2 Re6+ 29. Kf2 Ra6 30.
Ke2 Kf6 31. g3 b3 32. cxb3 Re6+ 33. Kd3 Re3+ 34. Kc2 Re2+ 35. Kd3 Rd2+ 36. Ke4
c2 {0-1 Slingerland,F (2259)-Turov,M (2527)/Dieren 2005/CBM 107 ext}) 11... Kg6
12. Qc1 Qd5 13. Nh4+ {#} Kf7 (13... Kh5 {was the alternate possibility, and
though it can hold, it would be a brave (insane) man who played this without
having analyzed it first.} 14. Qd2 $1 {threatening Nc3 to continue development
and the attack on the hyper exposed king.} Bb4 ({Taking the knight with} 14...
Kxh4 $2 {loses to} 15. Nc3 Qd8 16. Qe2 $3 Bg4 17. Qe4 Kh5 (17... f5 $2 {also
fails after} 18. Qe6 {For example} dxc3 19. Bf4 $1) 18. Bc1 $3 Rxg7 19. Qf4 Rg5
20. Ne4 Be7 21. h4 $1 {and the rook falls since} Kxh4 {is mate after} ({and} 
21... Rg6 22. Ng3+ Kxh4 23. Nf5+ Kh5 24. Qh2+ Bh3 25. Qxh3#) 22. Qh2+ Bh3 23.
Qxh3#) 15. c3 Bd6 {(Shipov)} 16. Re3 $1 Bd7 (16... d3 $2 17. h3 Be6 18. g4+
Kxh6 19. Re5+ Kxg7 20. Rxd5 Bxd5 21. Nf5+ Kh8 22. Nxd6 cxd6 23. Qf4 Rg6 24. Nd2
Ne5 25. Kf1 {is better for white.}) 17. g3 Rad8 18. cxd4 Bh3 19. Nc3 Qxd4 20.
Qc1 Kxh6 21. Re4+ Kxg7 22. Rxd4 Nxd4 23. Kh1 {is roughly equal.}) 14. Nd2 Qh5
15. Ne4 Qxh4 16. Nxc5 Kg6 17. Bf4 Rxg7 18. c3 d3 19. b3 b6 $2 ({Better was} 
19... Qh5 20. Ne4 (20. Ne6 $2 Bxe6 21. Rxe6 Qd5 22. Re3 b5) 20... b5) 20. Ne6
Bxe6 21. Rxe6 Ne7 22. Qe3 Re8 23. Qe4+ Kf7 24. g3 d2 25. Qxc4 Kf8 26. Rd1 b5
27. Qe4 Rd8 28. Rxe7 Qh5 (28... Rxe7 29. Qxe7+ Kxe7 30. gxh4) 29. Qe2 1-0